 Dungeon Crawl Stone Soup version 0.31.0-11-ge490571c62 (webtiles) character file.

Game seed: 10798400598835383415

935 Arctor the Magician (level 7, -7/36 HPs)
             Began as a Deep Elf Fire Elementalist on Feb 5, 2024.
             Was an Initiate of Sif Muna.
             Mangled by Duvessa
             ... wielding a +0 short sword
              (13 damage)
             ... on level 5 of the Dungeon.
             The game lasted 00:06:19 (5799 turns).

Arctor the Magician (Deep Elf Fire Elementalist)    Turns: 5799, Time: 00:06:20

Health: -7/36      AC:  2    Str:  5    XL:     7   Next: 87%
Magic:  10/17      EV: 14    Int: 22    God:    Sif Muna [......]
Gold:   308        SH:  0    Dex: 15    Spells: 7/17 levels left

rFire   . . .        r - +1 demon whip (freeze)
rCold   . . .        (no shield)
rNeg    + . .        a - +0 robe
rPois   .            (no helmet)
rElec   .            (no cloak)
rCorr   .            (no gloves)
SInv    .            s - +0 pair of boots
Will    .....        q - amulet of regeneration
Stlth   +++          f - ring of positive energy
HPRegen 1.06/turn    (no ring)
MPRegen 0.15/turn

%: no passive effects
@: no status effects
A: talons 1, deformed body
a: Renounce Religion


You were on level 5 of the Dungeon.
You worshipped Sif Muna.
Sif Muna was noncommittal.
You visited 2 branches of the dungeon, and saw 6 of its levels.

You collected 308 gold pieces.

Inventory:

Hand Weapons
 c - the +2 flail of Pride {speed, Int+4 Dex+2 Stlth+}
   (You found it on level 4 of the Dungeon)

   Int+4:     It affects your intelligence (+4).
   Dex+2:     It affects your dexterity (+2).
   Stlth+:    It makes you more stealthy.
 k - the +6 rapier of the Hidden Vale {flame, Str+5 Int+4 Stlth+}
   (You found it on level 3 of the Dungeon)

   Str+5:     It affects your strength (+5).
   Int+4:     It affects your intelligence (+4).
   Stlth+:    It makes you more stealthy.
 r - a +1 demon whip of freezing (weapon)
Missiles
 o - 2 javelins
Armour
 a - a +0 robe (worn)
 s - a +0 pair of boots (worn)
Jewellery
 f - a ring of positive energy (left hand)
 q - an amulet of regeneration (around neck)
Wands
 j - a wand of mindburst (15)
 p - a wand of light (9)
Scrolls
 d - 4 scrolls of teleportation
 i - 2 scrolls of identify
 m - a scroll of immolation
 n - a scroll of blinking
Potions
 b - a potion of magic
 e - a potion of curing
 g - 2 potions of ambrosia
 h - a potion of brilliance
 l - 2 potions of heal wounds


   Skills:
 + Level 5.2 Dodging
 + Level 5.6 Stealth
 + Level 5.8 Spellcasting
 + Level 4.2 Conjurations
 + Level 5.4 Fire Magic
 + Level 1.9 Invocations


You had 7 spell levels left.
You knew the following spells:

 Your Spells              Type           Power      Damage    Failure   Level
a - Foxfire               Conj/Fire      100%       2x1d9     1%          1
b - Scorch                Fire           60%        2d7       1%          2
c - Summon Blazeheart Go  Fire/Summ      18%        N/A       30%         4
d - Call Canine Familiar  Summ           6%         N/A       28%         3

Your spell library contained the following spells:

 Spells                   Type           Power      Damage    Failure   Level
 Inner Flame              Hex/Fire       18%        N/A       9%          3
 Volatile Blastmotes      Fire/Tloc      36%        2d13      9%          3
 Summon Small Mammal      Summ           24%        N/A       10%         1
 Flame Wave               Conj/Fire      27%        2d9       12%         4
 Fugue of the Fallen      Necr           6%         N/A       28%         3
 Ozocubu's Armour         Ice            6%         N/A       28%         3
 Manifold Assault         Tloc           6%         N/A       67%         4


Dungeon Overview and Level Annotations

Branches:
Dungeon (5/15)             Temple (1/1) D:5

Altars:
Ashenzari
Cheibriados
Fedhas
Gozag
Kikubaaqudgha
Makhleb
Okawaru
Qazlal
Ru
Sif Muna
Trog
Uskayaw
Wu Jian
Xom

Annotations:
D:5 Duvessa


Innate Abilities, Weirdness & Mutations

You have sharp toenails.
Armour fits poorly on your strangely shaped body.


Message History

Dowan is severely wounded.
Casting: Foxfire (safe; 1% risk of failure)
Confirm with . or Enter, or press ? or * to list all spells.
You don't know that spell.
You conjure some foxfire!
Duvessa, Sister of Dowan comes into view.
She is wielding a +0 short sword.
You conjure some foxfire!
The foxfire hits Dowan.
Dowan is severely wounded.
The foxfire hits Dowan but does no damage.
Dowan is severely wounded.
You conjure some foxfire!
Dowan casts a spell.
Dowan blinks!
Casting: Foxfire (safe; 1% risk of failure)
Confirm with . or Enter, or press ? or * to list all spells.
You can't see any susceptible monsters within range! (Use Z to cast anyway.)
The foxfire hits Dowan!
You kill Dowan!
Sif Muna accepts your kill.
Duvessa screams, "No!
How DARE you!"
Duvessa goes berserk!
The foxfire hits Duvessa but does no damage.
Casting: Foxfire (safe; 1% risk of failure)
Confirm with . or Enter, or press ? or * to list all spells.
You don't know that spell.
Duvessa rages.
You conjure some foxfire!
Duvessa hits you with a +0 short sword.
Unknown command.
Casting: Foxfire (safe; 1% risk of failure)
Confirm with . or Enter, or press ? or * to list all spells.
You conjure some foxfire!
The foxfire hits Duvessa but does no damage.
Duvessa barely misses you. Duvessa hits you with a +0 short sword.
You conjure some foxfire!
Duvessa hits you with a +0 short sword!
The foxfire hits Duvessa.
Duvessa is lightly wounded.
Duvessa hits you with a +0 short sword! x2
* * * LOW HITPOINT WARNING * * *
Duvessa hits you with a +0 short sword!
You die...

#.# #)# ## #.# ..
###.# .# ....# #$##
###### ...## #..
....### ##.##
######.......
##...#### #...v@e.#
........####.#######
##.).##......#
....########## #####


You could see Duvessa (berserk, ally target).

Vanquished Creatures
  Menkaure (D:5)
  Edmund (D:4)
  5 scorpions
  Dowan (D:5)
  A howler monkey (D:5)
  2 hounds
  An iguana (D:5)
  Jessica (D:3)
  An orc wizard (D:5)
  Terence (D:2)
  5 adders
  2 ufetubi (D:5)
  A dart slug (D:4)
  12 orcs
  8 endoplasms
  4 giant cockroaches
  7 goblins
  7 hobgoblins
  5 jackals (D:3)
  5 quokkas
  7 ball pythons
  3 bats
  2 frilled lizards (D:3)
  9 kobolds
  5 rats
97 creatures vanquished.

Vanquished Creatures (others)
  562 foxfires
562 creatures vanquished.

Grand Total: 659 creatures vanquished

Notes
Turn   | Place    | Note
-------+----------+-------------------------------------------
     0 | D:1      | Arctor the Deep Elf Fire Elementalist began the quest for
                  | the Orb.
     0 | D:1      | Reached XP level 1. HP: 10/10 MP: 6/6
   314 | D:1      | Reached XP level 2. HP: 15/15 MP: 1/8
   361 | D:1      | Learned a level 2 spell: Scorch
  1158 | D:1      | Reached XP level 3. HP: 19/19 MP: 3/9
  1222 | D:1      | Found a faded altar of an unknown god.
  1532 | D:2      | You fall into a shaft and drop 2 floors!
  1532 | D:4      | Found a broken altar of Ashenzari.
  1571 | D:4      | Noticed a scorpion
  1580 | D:4      | Killed a scorpion
  1581 | D:4      | Reached XP level 4. HP: 24/24 MP: 1/11
  1657 | D:4      | Noticed a scorpion
  1669 | D:4      | Killed a scorpion
  1670 | D:4      | Reached XP level 5. HP: 6/28 MP: 1/13
  1670 | D:4      | Gained mutation: You have sharp toenails. [potion of
                  | mutation]
  1670 | D:4      | Gained mutation: Armour fits poorly on your strangely
                  | shaped body. [potion of mutation]
  1856 | D:4      | Identified the +2 flail of Pride {speed, Int+4 Dex+2
                  | Stlth+}
  2135 | D:3      | Identified the +6 rapier of the Hidden Vale {flame, Str+5
                  | Int+4 Stlth+}
  2595 | D:3      | Noticed Jessica
  2610 | D:3      | Killed Jessica
  3256 | D:2      | Noticed Terence
  3261 | D:2      | Killed Terence
  3399 | D:2      | Reached XP level 6. HP: 32/32 MP: 9/14
  4348 | D:4      | Identified the +3 ring mail "Mangiu" {rCorr Str+3}
  4513 | D:4      | Noticed Edmund
  4521 | D:4      | Killed Edmund
  4664 | D:4      | Reached skill level 5 in Spellcasting
  4749 | D:5      | Entered Level 5 of the Dungeon
  4749 | D:5      | Found a staircase to the Ecumenical Temple.
  4763 | Temple   | Entered the Ecumenical Temple
  4787 | Temple   | Became a worshipper of Sif Muna the Loreminder
  4903 | D:5      | Reached skill level 5 in Fire Magic
  4903 | D:5      | Reached XP level 7. HP: 32/36 MP: 13/16
  4908 | D:5      | Learned a level 4 spell: Summon Blazeheart Golem
  4930 | D:5      | Learned a level 3 spell: Call Canine Familiar
  4977 | D:5      | Reached skill level 5 in Stealth
  5090 | D:5      | Found a sacrificial altar of Ru.
  5108 | D:5      | Reached skill level 1 in Invocations
  5311 | D:5      | Noticed Menkaure
  5315 | D:5      | Killed Menkaure
  5316 | D:5      | Reached skill level 5 in Dodging
  5784 | D:5      | Noticed Dowan
  5789 | D:5      | Noticed Duvessa
  5793 | D:5      | Killed Dowan
  5799 | D:5      | Mangled by Duvessa

Illustrated notes

Levels and vault maps discovered:
D:1:      eino_arrival_cavern_d, layout_rooms, shapermc_ecumenical_altar_petra
D:2:      layout_basic, minmay_pentomino_q4, uniq_terence
D:3:      layout_rooms, st_stairs_11, uniq_jessica
D:4:      layout_rooms, cheibrodos_ashenzari_chains, st_stairs_1, uniq_edmund
D:5:      layout_loops_ring, lemuel_doored_altar, minmay_temple_entry_tees,
          uniq_menkaure, uniq_duvessa
Temple:   hellmonk_temple_flake

Skill      XL: |  1  2  3  4  5  6  7 |
---------------+----------------------+-----
Stealth        | 3 4 5 |  5.6
Dodging        | 3 4 5 |  5.2
Conjurations   | 2 3 4 |  4.2
Spellcasting   | 4 5 |  5.8
Fire Magic     | 4 5 |  5.4
Invocations    | 1 |  1.9

Action                     |  1- 3 |  4- 6 |  7- 9 || total
---------------------------+-------+-------+-------++-------
  Melee: Unarmed           |     2 |       |       ||     2
         Rapier            |       |     9 |       ||     9
         Kick              |       |     4 |       ||     4
         Demon whip        |       |     8 |     2 ||    10
   Cast: Foxfire           |   115 |   165 |    71 ||   351
         Scorch            |       |    10 |     5 ||    15
    Use: Scroll            |       |     8 |       ||     8
         Potion            |       |     2 |       ||     2
   Stab: Sleeping          |       |     4 |       ||     4
 Armour: Robe              |     2 |    15 |    19 ||    36
  Dodge: Dodged            |     4 |    32 |    10 ||    46
